 Dungeon Crawl Stone Soup version 0.21-a0-634-gaf8bc5d (webtiles) character file.

698348 shenanigans the Pyromancer (level 27, -3/218 HPs)
             Began as a Barachi Skald on Dec 28, 2017.
             Was the Champion of Makhleb.
             Splashed by a caustic shrike's acid (9 damage)
             ... on level 21 of a ziggurat on Dec 29, 2017.
             The game lasted 06:02:35 (78278 turns).

shenanigans the Pyromancer (Barachi Skald)         Turns: 78278, Time: 06:02:36

Health: -3/218     AC: 28    Str: 15    XL:     27
Magic:  30/51      EV: 22    Int: 25    God:    Makhleb [******]
Gold:   2669       SH: 28    Dex: 13    Spells: 52/74 levels left

rFire    + . .     SeeInvis +   H - +3 broad axe (chop)
rCold    + . .     Gourm    .   k - +2 large shield
rNeg     + + .     Faith    .   I - +1 chain mail "Zuutoiwk" {MR+ Regen+ Stlth+}
rPois    +         Spirit   .   F - +2 helmet {SInv}
rElec    +         Reflect  +   o - +1 cloak of Starlight {rElec rC+ EV+4 Stlth--}
rCorr    .         Harm     .   V - +2 pair of gloves {Str+3}
MR       +++++     Clarity  +   W - +2 pair of boots of the Wumpus {rC+}
Stlth    ..........             r - +6 amulet of reflection
HPRegen  0.86/turn              y - ring "Weiten" {rN++ EV+3 Str+3}
MPRegen  0.32/turn              l - ring "Iteges" {Fire *Drain rPois MR++}

@: corroded, can't hop, very slightly contaminated, slowed, drained, very slow
A: +LOS, swims, clarity, mutation resistance 1, slowness 1, weak 2, strong legs
2
}: 4/15 runes: decaying, slimy, silver, gossamer
a: Hop, Minor Destruction, Lesser Servant of Makhleb, Major Destruction, Greater
Servant of Makhleb, Renounce Religion


You were on level 21 of a ziggurat.
You worshipped Makhleb.
Makhleb was exalted by your worship.
You were not hungry.

You visited 10 branches of the dungeon, and saw 50 of its levels.
You visited the Abyss 2 times.
You visited 1 ziggurat, and saw 21 of its levels.
You also visited: Ice Cave and Volcano.

You collected 7090 gold pieces.
You spent 4421 gold pieces at shops.

Inventory:

Hand Weapons
 a - the +8 broad axe of the Fray {elec, Str+4 Dex+2}
   (Okawaru gifted it to you on level 1 of the Vaults)

   Occasionally, upon striking a foe, it will discharge some electrical energy
   and cause terrible harm.
   It affects your strength (+4).
   It affects your dexterity (+2).
 b - a +5 broad axe of flaming
 c - a +5 trishula of holy wrath
 H - a +3 broad axe of chopping (weapon)
 P - a +4 broad axe of freezing
Armour
 g - the +1 pair of gloves of the Bulwark {rC+ Str+2}
   (You found it on level 7 of a ziggurat)

   It affects your strength (+2).
   It protects you from cold.
 i - the +1 chain mail of the Swamp {rC+ SInv, unknown}
   (You found it on level 20 of a ziggurat)

   It protects you from cold.
   It lets you see invisible.
 k - a +2 large shield (worn)
 o - the +1 cloak of Starlight (worn) {rElec rC+ EV+4 Stlth--}
   (You found it on level 3 of the Elven Halls)

   It affects your evasion (+4).
   It protects you from cold.
   It insulates you from electricity.
   It makes you much less stealthy.
 F - a +2 helmet of see invisible (worn)
 I - the +1 chain mail "Zuutoiwk" (worn) {MR+ Regen+ Stlth+}
   (You found it on level 12 of a ziggurat)

   It affects your resistance to hostile enchantments.
   It increases your rate of regeneration.
   It makes you more stealthy.
 N - the +2 crystal plate armour "Jaon" {Int+6 Dex-3 Slay+6}
   (You found it on level 11 of a ziggurat)

   It affects your intelligence (+6).
   It affects your dexterity (-3).
   It affects your accuracy and damage with ranged weapons and melee attacks
   (+6).
 R - the +3 warlock's mirror {reflect}
   (You found it on level 17 of a ziggurat)
 V - a +2 pair of gloves of strength (worn)
 W - the +2 pair of boots of the Wumpus (worn) {rC+}
   (You found it on level 9 of a ziggurat)

   It protects you from cold.
 Y - the +5 scale mail of Tesih {rElec rPois rC++}
   (Okawaru gifted it to you on level 3 of the Depths)

   It greatly protects you from cold.
   It insulates you from electricity.
   It protects you from poison.
Jewellery
 f - the ring of Lozae {rF+ rN+}
   (You found it on level 12 of a ziggurat)

   [ring of protection from fire]

   It protects you from fire.
   It protects you from negative energy.
 l - the ring "Iteges" (right hand) {Fire *Drain rPois MR++}
   (You took it off a deep elf mage on level 1 of the Elven Halls)

   [ring of fire]

   It enhances your fire magic.
   It protects you from fire.
   It makes you vulnerable to cold.
   It protects you from poison.
   It affects your resistance to hostile enchantments.
   It causes draining when unequipped.
 n - the ring of the Last Friends {Wiz SInv}
   (You found it on level 8 of a ziggurat)

   [ring of wizardry]

   It improves your spell success rate.
   It lets you see invisible.
 r - a +6 amulet of reflection (around neck)
 w - an uncursed ring of resist corrosion
 x - an uncursed ring of protection from cold
 y - the ring "Weiten" (left hand) {rN++ EV+3 Str+3}
   (You bought it in a shop on level 1 of the Elven Halls)

   [ring of evasion]

   It affects your evasion (+3).
   It affects your strength (+3).
   It greatly protects you from negative energy.
 C - an uncursed ring of positive energy
 E - an uncursed amulet of regeneration
 U - an uncursed ring of ice
 Z - the ring of Cilloce {rPois rF+ SInv Stlth+}
   (You found it on level 14 of a ziggurat)

   [ring of protection from fire]

   It protects you from fire.
   It protects you from poison.
   It lets you see invisible.
   It makes you more stealthy.
Wands
 v - a wand of paralysis (23)
 L - a wand of acid (14)
Scrolls
 e - 44 scrolls of remove curse
 h - 9 scrolls of blinking
 m - 11 scrolls of enchant armour
 p - 11 scrolls of amnesia
 s - a scroll of identify
 u - 10 scrolls of enchant weapon
 A - 19 scrolls of teleportation
 J - 19 scrolls of fog
 O - 2 scrolls of silence
 Q - 5 scrolls of fear
Potions
 j - 8 potions of haste
 q - 8 potions of ambrosia
 t - 3 potions of might
 z - 2 potions of magic
 B - 12 potions of curing
 D - 6 potions of brilliance
 G - 2 potions of agility
 K - 12 potions of mutation
 M - 4 potions of berserk rage
 S - 4 potions of flight
 T - a potion of cancellation
Comestibles
 d - 67 rations


   Skills:
 - Level 18.2(18.1) Fighting
 - Level 18.2 Axes
 - Level 22.1(22.0) Armour
 - Level 19.3 Dodging
 - Level 18.2(18.1) Shields
 + Level 24.2 Spellcasting
 * Level 3.6 Conjurations
 - Level 3.2 Charms
 + Level 25.3(25.2) Fire Magic
 * Level 4.0 Ice Magic
 * Level 8.1 Air Magic
 - Level 9.6 Invocations


You had 52 spell levels left.
You knew the following spells:

 Your Spells              Type           Power        Failure   Level  Hunger
a - Infusion              Chrm           ####         3%          1    None
b - Song of Slaying       Chrm           #####...     5%          2    None
c - Flame Tongue          Conj/Fire      #####        1%          1    None
d - Ignition              Fire           ########..   6%          8    #####..
e - Tornado               Air            ######....   100%        9    ######.
f - Freeze                Ice            ####         2%          1    None


Dungeon Overview and Level Annotations

Branches:
Dungeon (15/15)            Temple (1/1) D:4            Lair (6/6) D:8
  Swamp (4/4) Lair:2       Spider (4/4) Lair:4        Slime (5/5) Lair:6
    Orc (2/2) D:12            Elf (3/3) Orc:2        Vaults (5/5) D:14
  Crypt (0/3) Vaults:3     Depths (5/5) D:15            Zot (0/5) Depths:5

Altars:
Ashenzari
Cheibriados
Dithmenos
Elyvilon
Fedhas
Gozag
Kikubaaqudgha
Makhleb
Nemelex Xobeh
Okawaru
Qazlal
Ru
Sif Muna
Trog
Uskayaw
Vehumet
Wu Jian
Xom
Yredelemnul
Zin
The Shining One
Beogh
Jiyva

Shops:
D:5 *   D:9 =   D:10 !   D:11 :   D:13 (%![}   Orc:2 *=([   Elf:1 [=*=}
Elf:3 ([:   Vaults:1 :   Vaults:2 }   Vaults:5 =

Portals:
Hell: Depths:1 Depths:2 Depths:3 Depths:4 Depths:5
Abyss: Depths:4
Pandemonium: Depths:3

Annotations:
D:3 THUG4L1F3's ghost, amateur BaTm
D:4 2 transporters
D:14 exclusion: Roxanne, Roxanne
Lair:4 exclusion: ice statue
Swamp:4 Lernaean hydra


Innate Abilities, Weirdness & Mutations

Shadows flee at your approach. (+LOS)
You can swim through water.
You cover ground slowly.
You can hop long distances.
You possess an exceptional clarity of mind.
You are somewhat resistant to further mutation.
You are very weak. (Str -4)


Message History

A stone giant and an iron giant come into view.
Unknown command.
Unknown command.
Unknown command.
Unknown command.
Casting: Ignition
Confirm with . or Enter, or press ? or * to list all spells.
You feel a surge of power!
You miscast Ignition.
Nothing appears to happen.
You block the caustic shrike's attack. x3
The caustic shrike closely misses you.
The iron giant throws the iron giant at you!
* * * LOW HITPOINT WARNING * * *
The iron giant points at you and mumbles some strange words.
The iron shot reflects off an invisible shield around you!
The iron shot hits the iron giant.
The stone giant hits you but does no damage.
The caustic shrike claws you!
* * * LOW HITPOINT WARNING * * *
The acid corrodes you!
You are splashed with acid!
The acid burns!
You die...

▓................
▓.........**...# .
▓.............## C.
▓............# ...
..∩..........# ..C.
▓............# .....
▓............*## 1.DE..
▓............*.###b...C..
▓............*.C@baC.D.C.
▓..............wCb..8...C
▓▓.................*.....
▓.......................
▓▓......................
.................
.................
.................
.................


You could see 4 iron giants, a Hell Sentinel, an iron golem, 2 iron dragons, 3
caustic shrikes, 4 stone giants, an entropy weaver, a torpor snail, an earth
elemental and 4 lost souls.

Vanquished Creatures
  An ancient lich (Zig:12)
  Mennas (Depths:2)
  Mara (Swamp:4)
  7 juggernauts (Zig:18)
  The ghost of RapturedWeasel the Evocator, a master GnWz of Ashenzari (Zig:14)
  The ghost of schizoid the Pyromancer, a legendary BaSk of Makhleb (Zig:14)
  5 shard shrikes
  A caustic shrike (shapeshifter) (Zig:13)
  4 golden dragons
  13 caustic shrikes (Depths:2)
  9 Killer Klowns
  the Enchantress (Depths:3)
  The ghost of tself55 the Slayer, an adept MiBe of Trog (Vaults:4)
  A bone dragon (Zig:14)
  Jorgrun (Vaults:3)
  7 pandemonium lords
  2 Brimstone Fiends
  A hellephant (Zig:11)
  4 Tzitzimimeh
  7 Ice Fiends
  3 tentacled monstrosities
  2 Hell Sentinels (Zig:7)
  6 liches
  2 quicksilver dragons (Vaults:5)
  7 deep elf blademasters
  A quicksilver dragon (shapeshifter) (Zig:15)
  12 titans
  20 acid blobs
  4 deep elf master archers
  3 thorn hunters
  5 sphinxes
  5 Executioners
  9 shadow dragons
  Agnes (Spider:3)
  8 tengu reavers
  7 azure jellies
  A daeva (Elf:3)
  The ghost of Angani the Thaumaturge, an adept GnWr of Elyvilon (Swamp:2)
  4 draconian monks
  A nagaraja (Zig:3)
  7 storm dragons
  24 fire giants
  16 deep elf sorcerers
  A fire giant (shapeshifter) (Zig:15)
  19 frost giants
  6 draconian knights
  7 ghost moths
  15 vault wardens
  4 cacodemons
  2 balrugs
  5 orc warlords
  2 corrupters
  2 angels (Elf:1)
  10 emperor scorpions
  5 iron dragons
  4 draconian shifters (Zig:19)
  2 draconian scorchers (Zig:19)
  6 deep elf elementalists
  4 warmongers
  4 draconian annihilators
  16 ironheart preservers
  24 very ugly things
  4 spriggan defenders
  A draconian stormcaller (Zig:19)
  2 reapers (Zig:14)
  A ghoul (Vaults:3)
  4 blood saints (Zig:20)
  40 stone giants
  A juggernaut skeleton (Depths:1)
  12 entropy weavers
  7 green draconians (Zig:19)
  5 deep elf demonologists
  4 red draconians
  6 black draconians
  5 white draconians
  3 vampire knights
  Azrael (D:14)
  2 black suns (Zig:20)
  3 purple draconians
  5 spark wasps
  4 dire elephants
  4 yellow draconians
  2 lorocyprocas
  15 deep elf annihilators
  A spark wasp (shapeshifter) (Depths:3)
  2 crystal guardians (Zig:7)
  A dire elephant (shapeshifter) (Vaults:5)
  7 blizzard demons
  6 deep elf death magi
  5 green deaths
  16 ettins
  16 yaktaur captains
  2 jiangshi (Depths:1)
  Josephine (Spider:1)
  12 deep elf high priests
  8 death oozes
  15 great orbs of eyes
  12 fire dragons
  9 rakshasas
  A great orb of eyes (shapeshifter) (Depths:1)
  A minotaur (shapeshifter) (Zig:12)
  16 ice dragons
  32 hydras
  26 vault guards
  2 ghost crabs
  A catoblepas (Lair:5)
  6 centaur warriors
  A catoblepas (shapeshifter) (Zig:15)
  4 spriggan air magi
  A death knight (Vaults:4)
  A merfolk avatar (Lair:6)
  2 caustic shrike simulacra (Zig:17)
  A juggernaut simulacrum (Zig:17)
  An anaconda (Zig:3)
  16 ogre magi
  29 dancing weapons
  A satyr (shapeshifter) (Vaults:4)
  8 alligators
  10 deep troll shamans
  3 small abominations
  4 deep troll earth magi
  38 two-headed ogres
  10 tengu warriors
  2 vampire magi (Depths:1)
  2 death yaks (Lair:5)
  2 shock serpents (shapeshifter)
  11 spriggan berserkers
  8 orc high priests
  2 sun demons (Depths:1)
  30 deep elf knights
  A shock serpent (Zig:3)
  A fire crab (Volcano)
  An iron golem (Zig:7)
  13 spriggans
  An iron troll (Zig:18)
  4 salamander mystics (Depths:4)
  5 skeletal warriors (D:15)
  A shadow wraith (Vaults:4)
  A fire crab (shapeshifter) (Depths:2)
  11 hell knights
  An unseen horror (shapeshifter) (Depths:1)
  3 sixfirhies
  5 spriggan druids
  3 shadow demons
  A sea snake (Lair:5)
  A deep troll (shapeshifter) (Vaults:5)
  A golden dragon skeleton (Zig:14)
  4 phantasmal warriors
  5 glowing orange brains
  5 unseen horrors
  19 deep trolls
  10 ironbrand convokers
  A flayed ghost (Depths:3)
  7 necromancers
  A shambling mangrove (Swamp:2)
  2 harpies (Lair:6)
  21 deep elf archers
  3 lindwurms (shapeshifter)
  73 deep elf magi
  10 swamp dragons
  4 wizards
  15 orc knights
  2 harpies (shapeshifter)
  14 orb spiders
  A lindwurm (Zig:11)
  A wolf spider zombie (D:14)
  9 shining eyes
  8 oklob plants
  A sphinx zombie (Zig:14)
  4 cyclopes
  57 ugly things
  9 orc sorcerers
  A shining eye (shapeshifter) (Zig:13)
  A wolf spider (shapeshifter) (Depths:5)
  33 wolf spiders
  2 fire giant zombies
  2 manticores
  2 stone giant zombies
  An iron dragon zombie (Zig:14)
  4 human zombies
  11 salamanders
  A faun (shapeshifter) (Vaults:5)
  2 iron dragon skeletons (Zig:14)
  8 moths of wrath
  An elephant (shapeshifter) (Zig:13)
  2 elephants (Lair:6)
  A guardian serpent (Zig:3)
  8 apocalypse crabs
  A rust devil (Depths:3)
  A spriggan zombie (Zig:14)
  2 orange demons
  6 torpor snails
  An eye of devastation (shapeshifter) (Zig:15)
  2 eyes of devastation
  4 black mambas
  16 vault sentinels
  A titan simulacrum (Zig:17)
  A smoke demon (Zig:9)
  6 centaur zombies
  A hellion (Elf:3)
  3 ice statues
  A torpor snail (shapeshifter) (Vaults:5)
  A kobold demonologist (D:15)
  10 rime drakes
  23 spiny frogs
  4 hellwings
  20 demonic crawlers
  2 efreet
  9 freezing wraiths
  65 yaktaurs
  A yaktaur (shapeshifter) (Vaults:2)
  A komodo dragon (shapeshifter) (Vaults:3)
  2 tormentors
  12 komodo dragons
  6 tengu conjurers
  13 ice devils
  A tengu simulacrum (Zig:17)
  A yaktaur skeleton (Vaults:3)
  20 jumping spiders
  A polar bear (shapeshifter) (Elf:3)
  6 trolls
  A raiju (Abyss:2)
  A jumping spider (shapeshifter) (Depths:3)
  2 wind drakes (Lair:6)
  5 polar bears
  71 slime creatures
  6 tyrant leeches
  A wind drake (shapeshifter) (Depths:1)
  20 hornets
  Prince Ribbit (D:6)
  2 blink frogs (shapeshifter)
  An iron dragon simulacrum (Zig:17)
  2 slime creatures (shapeshifter)
  17 dream sheep
  20 blink frogs
  9 bog bodies
  A dream sheep (shapeshifter) (Zig:13)
  A stone giant simulacrum (Vaults:3)
  12 hippogriffs
  65 redbacks
  A frost giant simulacrum (Vaults:3)
  6 air elementals
  A flying skull (Zig:14)
  2 water elementals
  2 redbacks (shapeshifter) (Zig:12)
  7 ynoxinuls
  A shadow (Vaults:3)
  33 tarantellas
  7 wyverns
  A yak (shapeshifter) (Depths:1)
  8 wraiths
  2 vampires (D:11)
  7 fire elementals
  3 large abominations
  A basilisk (Lair:2)
  25 yaks
  2 neqoxecs
  3 chaos spawn (Zig:15)
  2 hungry ghosts
  12 vampire mosquitoes
  11 wargs
  18 insubstantial wisps
  23 swamp worms
  19 water moccasins
  3 acid dragons
  10 porcupines
  2 tengu skeletons
  2 swamp worms (shapeshifter) (Zig:15)
  5 hell hounds (D:14)
  9 ice beasts
  4 floating eyes
  11 swamp drakes
  71 orc warriors
  2 sky beasts
  A black bear (D:7)
  5 eyes of draining
  4 phantoms
  54 ogres
  15 boggarts
  3 elf zombies
  2 hornet zombies
  13 wolves
  A boggart (shapeshifter) (Depths:3)
  19 crocodiles
  17 centaurs
  A crocodile (shapeshifter) (Vaults:3)
  4 big kobolds
  A bullfrog (shapeshifter) (Vaults:5)
  19 bullfrogs
  2 earth elementals
  5 scorpions
  A wyvern skeleton (D:10)
  A human simulacrum (Vaults:3)
  A water moccasin skeleton (D:7)
  4 troll zombies (D:12)
  7 killer bees
  34 wights
  3 howler monkeys
  5 electric eels
  12 crimson imps
  2 quasits
  5 hounds
  A bullfrog zombie (D:11)
  2 bullfrog skeletons
  8 centaur skeletons
  35 orc wizards
  5 jellies
  23 orc priests
  An iguana (D:13)
  6 hell rats
  16 worker ants
  2 killer bee zombies
  2 ogre zombies (D:12)
  A hound zombie (D:7)
  A mummy (Zig:14)
  A worker ant zombie (D:8)
  7 gnolls
  6 adders
  4 shadow imps
  13 white imps
  6 ufetubi (IceCv)
  2 oozes
  An adder skeleton (D:6)
  2 worms
  3 dart slugs
  3 leopard geckos (D:5)
  112 orcs
  7 bats
  10 giant cockroaches
  10 goblins
  9 hobgoblins
  17 jackals
  6 quokkas
  5 frilled lizards
  A giant cockroach zombie (D:5)
  2 goblin zombies (D:12)
  A hobgoblin skeleton (D:12)
  A hobgoblin zombie (D:12)
  21 kobolds
  3 orc skeletons (D:12)
  12 orc zombies (D:12)
  8 rats
  4 briar patches
  4 crawling corpses
  A lost soul (Zig:21)
  A plant (Zig:10)
2717 creatures vanquished.

Vanquished Creatures (collateral kills)
  the Royal Jelly (Slime:5)
  An azure jelly (Slime:5)
2 creatures vanquished.

Vanquished Creatures (others)
  Margery (Vaults:2)
  Nikola (Swamp:3)
  A pandemonium lord (Zig:1)
  8 deep elf master archers
  An Executioner (Zig:20)
  A draconian knight (Zig:19)
  A vault warden (Vaults:4)
  6 stone giants
  A yellow draconian (Zig:19)
  8 yaktaur captains
  A centaur warrior (Vaults:4)
  A hydra (Swamp:4)
  A vampire mage (Depths:1)
  2 alligators
  4 deep elf archers
  An orb spider (Spider:4)
  26 yaktaurs
  A jumping spider (Spider:2)
  A shadow (Swamp:2)
  2 insubstantial wisps
  A swamp drake (Swamp:4)
  An ogre (Vaults:5)
  A boggart (Depths:3)
  A centaur (Depths:2)
  An iron imp (Depths:3)
  2 white imps (IceCv)
  2 ufetubi (IceCv)
  A briar patch (Swamp:2)
  2 crawling corpses (Vaults:5)
  10 fungi
  22 plants
113 creatures vanquished.

Grand Total: 2832 creatures vanquished

Notes
Turn   | Place    | Note
-------+----------+-------------------------------------------
     0 | D:1      | shenanigans the Barachi Skald began the quest for the Orb.
     0 | D:1      | Reached XP level 1. HP: 17/17 MP: 3/3
   401 | D:1      | Reached XP level 2. HP: 21/23 MP: 0/5
   858 | D:1      | Reached XP level 3. HP: 26/28 MP: 0/6
  1583 | D:2      | Reached XP level 4. HP: 32/35 MP: 3/7
  1831 | D:2      | Found a stormy altar of Qazlal.
  1851 | D:2      | Found a white marble altar of Elyvilon.
  1961 | D:3      | Found a sparkling altar of Nemelex Xobeh.
  2213 | D:3      | Noticed THUG4L1F3's ghost (amateur BaTm)
  2395 | D:3      | Found a shadowy altar of Dithmenos.
  2559 | D:4      | Reached XP level 5. HP: 40/41 MP: 3/8
  2780 | D:4      | Found a transporter.
  2798 | D:4      | Found a transporter.
  2811 | D:4      | Found a radiant altar of Vehumet.
  3100 | D:4      | Found a staircase to the Ecumenical Temple.
  3107 | Temple   | Entered the Ecumenical Temple
  3294 | Temple   | Became a worshipper of Warmaster Okawaru
  3590 | D:5      | Entered Level 5 of the Dungeon
  3594 | D:5      | Reached XP level 6. HP: 47/48 MP: 9/9
  3658 | D:5      | Reached skill level 1 in Invocations
  4415 | D:5      | Found Usemuc's General Store.
  4512 | D:5      | Reached XP level 7. HP: 51/55 MP: 10/10
  5307 | D:5      | Reached * piety under Okawaru
  6157 | D:6      | Reached skill level 5 in Fighting
  6157 | D:6      | Reached XP level 8. HP: 39/62 MP: 8/11
  6337 | D:6      | Reached ** piety under Okawaru
  6337 | D:6      | Reached skill level 5 in Dodging
  6541 | D:6      | Reached skill level 5 in Axes
  6541 | D:6      | Reached skill level 5 in Armour
  6665 | D:6      | Noticed Prince Ribbit
  6673 | D:6      | Killed Prince Ribbit
  7151 | D:7      | Found a sacrificial altar of Ru.
  7182 | D:7      | Found a snail-covered altar of Cheibriados.
  7193 | D:7      | Reached skill level 5 in Invocations
  7193 | D:7      | Reached XP level 9. HP: 69/69 MP: 9/12
  8323 | D:8      | Found a blossoming altar of Fedhas.
  8366 | D:8      | Noticed a two-headed ogre
  8384 | D:9      | Reached *** piety under Okawaru
  8740 | D:9      | Noticed a troll
  8761 | D:9      | Killed a troll
  8761 | D:9      | Reached XP level 10. HP: 43/79 MP: 12/15
  9013 | D:9      | Noticed a two-headed ogre
  9109 | D:9      | Killed a two-headed ogre
  9155 | D:9      | Reached **** piety under Okawaru
  9678 | D:8      | Found an opulent altar of Gozag.
  9917 | D:8      | Noticed a two-headed ogre
  9926 | D:8      | HP: 2/80 [two-headed ogre/giant club (13)]
  9928 | D:8      | Killed a two-headed ogre
 10164 | D:8      | Found a staircase to the Lair.
 10244 | D:9      | Found Jiab's Jewellery Emporium.
 10348 | D:9      | Killed a two-headed ogre
 10348 | D:9      | Reached ***** piety under Okawaru
 10348 | D:9      | Reached XP level 11. HP: 70/87 MP: 13/17
 11072 | D:10     | Entered Level 10 of the Dungeon
 11269 | D:10     | Noticed a two-headed ogre
 11279 | D:10     | Killed a two-headed ogre
 11327 | D:10     | Found a radiant altar of Vehumet.
 11845 | D:10     | Found Kauzaf's Distillery.
 11854 | D:10     | Bought a potion of might for 56 gold pieces
 12328 | Lair:1   | Entered Level 1 of the Lair of Beasts
 12435 | Lair:1   | Found a dark tunnel.
 12762 | Volcano  | Entered a volcano
 12840 | Volcano  | Noticed a fire crab
 12851 | Volcano  | Killed a fire crab
 14397 | Lair:2   | Received a gift from Okawaru
 14400 | Lair:2   | Got a faintly glowing dagger {god gift}
 14401 | Lair:2   | Identified the +1 dagger of Gosu {drain, rC+ Dex+3 SInv} (Okawaru gifted it to you on level 2 of the Lair of Beasts)
 15197 | Lair:2   | Found a staircase to the Swamp.
 15200 | Lair:2   | Reached XP level 12. HP: 72/97 MP: 19/19
 16086 | Lair:3   | Reached skill level 10 in Fighting
 16208 | Lair:3   | Noticed a four-headed hydra
 16222 | Lair:3   | Killed a four-headed hydra
 16222 | Lair:3   | Reached skill level 10 in Armour
 17098 | Lair:4   | Noticed a six-headed hydra
 17202 | Lair:4   | Noticed a seven-headed hydra
 17208 | Lair:4   | Killed a seven-headed hydra
 17491 | Lair:4   | Reached skill level 10 in Dodging
 17739 | Lair:4   | Reached skill level 10 in Axes
 17840 | Lair:4   | Found a hole to the Spider Nest.
 17985 | Lair:4   | Killed a six-headed hydra
 18252 | Lair:4   | Received a gift from Okawaru
 19418 | Lair:5   | Gained mutation: You can hop long distances. [Barachi growth]
 19418 | Lair:5   | Reached XP level 13. HP: 71/106 MP: 20/20
 20724 | Lair:5   | HP: 1/108 [crocodile (28)]
 21587 | Lair:6   | Entered Level 6 of the Lair of Beasts
 21630 | Lair:6   | Received a gift from Okawaru
 21870 | Lair:6   | Reached ****** piety under Okawaru
 23190 | Lair:5   | Reached XP level 14. HP: 36/116 MP: 19/21
 23607 | Lair:6   | Found a viscous altar of Jiyva.
 23607 | Lair:6   | Found a staircase to the Slime Pits.
 24364 | Lair:6   | Received a gift from Okawaru
 25343 | D:11     | Identified a scroll of acquirement
 25354 | D:11     | Found Riemusytuli's Book Emporium.
 25384 | D:11     | Learned a level 2 spell: Song of Slaying
 25386 | D:11     | Learned a level 1 spell: Flame Tongue
 25987 | D:12     | Found a staircase to the Orcish Mines.
 26040 | Orc:1    | Entered Level 1 of the Orcish Mines
 26211 | Orc:1    | Paralysed by an orc sorcerer for 7 turns
 26313 | D:12     | Received a gift from Okawaru
 26949 | Orc:2    | Entered Level 2 of the Orcish Mines
 26949 | Orc:2    | Noticed a stone giant
 26967 | Orc:2    | Killed a stone giant
 26967 | Orc:2    | Received a gift from Okawaru
 27413 | Orc:2    | Found a staircase to the Elven Halls.
 27760 | Orc:2    | Noticed an orc warlord
 27794 | Orc:1    | Killed an orc warlord
 27794 | Orc:1    | Received a gift from Okawaru
 27797 | Orc:1    | Got a scorched chain mail {god gift}
 27809 | Orc:1    | Identified the +0 chain mail of the Planets {rF+ rC++ Str-2} (Okawaru gifted it to you on level 1 of the Orcish Mines)
 27946 | Orc:2    | Reached XP level 15. HP: 90/126 MP: 22/22
 27952 | Orc:2    | Found Zoath's Antique Armour Emporium.
 27952 | Orc:2    | Found a roughly hewn altar of Beogh.
 27957 | Orc:2    | Found Unadesinn's Antique Weapon Shoppe.
 27996 | Orc:2    | Found a roughly hewn altar of Beogh.
 28027 | Orc:2    | Found a roughly hewn altar of Beogh.
 28363 | Orc:2    | Found a roughly hewn altar of Beogh.
 28403 | Orc:2    | Found a roughly hewn altar of Beogh.
 28589 | Orc:2    | Found a roughly hewn altar of Beogh.
 28589 | Orc:2    | Found Hirej's General Store.
 28601 | Orc:2    | Gained mutation: Your magical capacity is low. (-10% MP) [a neqoxec]
 28845 | Orc:2    | Bought a scroll of teleportation for 42 gold pieces
 28860 | Orc:2    | Found a roughly hewn altar of Beogh.
 28928 | Orc:2    | Found Lavuewni's Jewellery Emporium.
 28937 | Orc:2    | Bought an uncursed amulet of guardian spirit for 390 gold pieces
 29052 | Orc:2    | Bought a spiked plate armour for 812 gold pieces
 29068 | Orc:2    | Identified the cursed +1 plate armour of Fortification {MR+ Regen+ Str+4 Stlth+} (You bought it in a shop on level 2 of the Orcish Mines)
 29068 | Orc:2    | Bought a pair of runed boots for 217 gold pieces
 29137 | Orc:2    | Bought a scroll of teleportation for 42 gold pieces
 29190 | Orc:2    | Bought an uncursed ring of resist corrosion for 260 gold pieces
 29777 | D:13     | Found a deep blue altar of Sif Muna.
 29840 | D:13     | Found Qobiuh's Food Shop.
 29866 | D:13     | Found Vodghoow's Distillery.
 29891 | D:13     | Bought a potion of heal wounds for 75 gold pieces
 29891 | D:13     | Bought a potion of heal wounds for 75 gold pieces
 29933 | D:13     | Found Voadduth's Armour Boutique.
 29936 | D:13     | Bought a +0 large shield for 81 gold pieces
 29983 | D:13     | Reached skill level 1 in Shields
 30056 | D:13     | Found Lociaquko's Gadget Shoppe.
 30202 | D:13     | Found Kitof's Weapon Emporium.
 30616 | D:14     | Found a gate to the Vaults.
 30734 | D:14     | Noticed Roxanne
 30956 | D:14     | Reached skill level 5 in Shields
 31499 | D:14     | Noticed Azrael
 31512 | D:14     | Killed Azrael
 31516 | D:14     | Received a gift from Okawaru
 32028 | Swamp:1  | Entered Level 1 of the Swamp
 32815 | Swamp:2  | Reached skill level 10 in Shields
 32974 | Swamp:2  | Noticed Angani's ghost (adept GnWr)
 33221 | Swamp:2  | Received a gift from Okawaru
 33306 | Swamp:2  | Killed Angani's ghost
 33306 | Swamp:2  | Reached XP level 16. HP: 120/133 MP: 20/20
 33309 | Swamp:2  | Noticed a thorn hunter
 33325 | Swamp:2  | Killed a thorn hunter
 33693 | Swamp:3  | Noticed a thorn hunter
 33748 | Swamp:3  | Killed a thorn hunter
 33748 | Swamp:3  | Received a gift from Okawaru
 33987 | Swamp:3  | Reached skill level 1 in Fire Magic
 34368 | Swamp:3  | Received a gift from Okawaru
 34540 | Swamp:4  | Entered Level 4 of the Swamp
 34576 | Swamp:4  | Noticed Mara
 34628 | Swamp:4  | Noticed shenanigans's illusion
 34636 | Swamp:4  | Noticed shenanigans's illusion
 34650 | Swamp:4  | Killed Mara
 34650 | Swamp:4  | Reached skill level 2 in Fire Magic
 35269 | Swamp:4  | Reached skill level 3 in Fire Magic
 35341 | Swamp:4  | Noticed Nikola
 35584 | Swamp:3  | Killed Nikola
 35984 | Swamp:4  | Reached XP level 17. HP: 140/140 MP: 21/21
 35986 | Swamp:4  | Noticed the 27-headed Lernaean hydra
 36091 | Swamp:4  | Got a decaying rune of Zot
 36308 | Spider:1 | Entered Level 1 of the Spider Nest
 36428 | Spider:1 | Received a gift from Okawaru
 36431 | Spider:1 | Got a bronze scale mail {god gift}
 36457 | Spider:1 | Identified the +5 scale mail "Xeub" {Dex+2} (Okawaru gifted it to you on level 1 of the Spider Nest)
 36778 | Spider:1 | Noticed Josephine
 36791 | Spider:1 | Reached skill level 4 in Fire Magic
 36794 | Spider:1 | Killed Josephine
 36807 | Spider:1 | You fall through a shaft!
 37712 | Spider:1 | Reached skill level 15 in Fighting
 37712 | Spider:1 | Reached skill level 5 in Spellcasting
 38046 | Spider:2 | Reached skill level 15 in Armour
 38624 | Spider:3 | Reached skill level 5 in Fire Magic
 38960 | Spider:3 | Received a gift from Okawaru
 38984 | Spider:3 | Noticed Agnes
 38999 | Spider:3 | Killed Agnes
 39694 | Spider:4 | Entered Level 4 of the Spider Nest
 40133 | Spider:4 | Reached XP level 18. HP: 140/149 MP: 24/24
 40150 | Spider:4 | Reached skill level 15 in Shields
 40295 | Spider:4 | Received a gift from Okawaru
 40296 | Spider:4 | Found the +5 robe of Night {Dark MR+ SInv}
 40548 | Spider:4 | Reached skill level 6 in Fire Magic
 41155 | Spider:4 | Got a warped war axe
 41217 | Spider:4 | Got a gossamer rune of Zot
 41857 | Vaults:1 | Entered Level 1 of the Vaults
 41939 | Vaults:1 | Found Canorax's Book Boutique.
 42298 | Vaults:1 | Received a gift from Okawaru
 42972 | Vaults:1 | Reached skill level 7 in Fire Magic
 42982 | Vaults:1 | Received a gift from Okawaru
 43002 | Vaults:1 | Got a scorched broad axe {god gift}
 43118 | Vaults:1 | Identified the +8 broad axe of the Fray {elec, Str+4 Dex+2} (Okawaru gifted it to you on level 1 of the Vaults)
 43247 | Vaults:1 | Reached skill level 15 in Axes
 43247 | Vaults:1 | Reached XP level 19. HP: 139/157 MP: 26/26
 43277 | Vaults:1 | Identified the +5 war axe "Kymycak" {protect, *Contam rPois Str+4 Dex+3} (You found it on level 4 of the Spider Nest)
 44217 | Vaults:2 | Reached skill level 15 in Dodging
 44457 | Vaults:2 | Found Osaude Jius's Gadget Emporium.
 44609 | Vaults:2 | Identified Vehumet's Disquisition on Confrontation
 44625 | Vaults:2 | Reached skill level 8 in Fire Magic
 44684 | Vaults:2 | Received a gift from Okawaru
 45170 | Vaults:3 | Noticed Margery
 45260 | Vaults:2 | Received a gift from Okawaru
 45697 | Vaults:2 | Killed Margery
 45961 | Vaults:3 | Noticed Jorgrun
 46005 | Vaults:3 | Reached XP level 20. HP: 140/166 MP: 28/28
 46006 | Vaults:3 | Killed Jorgrun
 46027 | Vaults:3 | Received a gift from Okawaru
 46369 | Vaults:3 | Identified the Guide on Creative Benedictions
 46433 | Vaults:3 | Found a staircase to the Crypt.
 46712 | Vaults:3 | Received a gift from Okawaru
 46842 | Vaults:3 | Got a warped ring mail {god gift}
 46853 | Vaults:3 | Identified the +2 ring mail of Somewhere Else {rElec Dex+4 Stlth+} (Okawaru gifted it to you on level 3 of the Vaults)
 47157 | Vaults:4 | Reached skill level 9 in Fire Magic
 47166 | Vaults:4 | Noticed tself55's ghost (adept MiBe)
 47197 | Vaults:4 | Killed tself55's ghost
 48468 | Vaults:4 | Received a gift from Okawaru
 48946 | Elf:1    | Entered Level 1 of the Elven Halls
 48955 | Elf:1    | Reached XP level 21. HP: 150/174 MP: 27/30
 49556 | Elf:1    | Found Goijaj's Assorted Antiques.
 49560 | Elf:1    | Reached skill level 10 in Fire Magic
 49587 | Elf:1    | Bought a scroll of identify for 70 gold pieces
 49630 | Elf:1    | Got an ancient flail {crush}
 49631 | Elf:1    | Identified the +3 flail "Fehext" {crush, rElec Int+5 Dex-5} (You took it off a deep elf mage on level 1 of the Elven Halls)
 49687 | Elf:1    | Found Asat's Armour Shoppe.
 49692 | Elf:1    | Found Imosirch's Jewellery Shoppe.
 49814 | Elf:1    | Found Xutim's Jewellery Shoppe.
 49861 | Elf:1    | Found a glowing golden altar of the Shining One.
 49861 | Elf:1    | Found a glowing silver altar of Zin.
 49862 | Elf:1    | Found a white marble altar of Elyvilon.
 50040 | Elf:1    | Found Noyh's Gadget Emporium.
 50097 | Elf:1    | Got a heavily runed copper ring
 51436 | Elf:2    | Found a huge runed gate.
 51436 | Elf:2    | Found a huge runed gate.
 51436 | Elf:2    | Found a huge runed gate.
 51436 | Elf:2    | Found a huge runed gate.
 51443 | Elf:2    | Found a huge runed gate.
 51623 | Elf:2    | Reached skill level 10 in Spellcasting
 52022 | Elf:3    | Entered Level 3 of the Elven Halls
 52101 | Elf:3    | Found Miga's Weapon Shoppe.
 52236 | Elf:3    | Found a frozen archway.
 52251 | IceCv    | Entered an ice cave
 52272 | IceCv    | Received a gift from Okawaru
 52281 | IceCv    | Identified the ring "Iteges" {Fire *Drain rPois MR++} (You took it off a deep elf mage on level 1 of the Elven Halls)
 53080 | IceCv    | Got an ebony demon blade
 53081 | IceCv    | Identified the +11 demon blade of Opliwiuh {flame, rF+ Str+5 Dex+4} (You found it in an ice cave)
 53211 | Elf:3    | Found Honewab's Antique Armour Shoppe.
 53216 | Elf:3    | Bought a shimmering chain mail for 190 gold pieces
 53220 | Elf:3    | Identified the +3 chain mail "Valif" {Stlth+} (You bought it in a shop on level 3 of the Elven Halls)
 53257 | Elf:3    | Found Issuwyck's Book Emporium.
 53787 | Elf:3    | Reached XP level 22. HP: 182/182 MP: 32/32
 53888 | Elf:3    | Cast into level 3 of the Abyss (a deep elf sorcerer)
 53896 | Elf:3    | Escaped the Abyss
 54023 | Elf:3    | Reached skill level 11 in Fire Magic
 54450 | Elf:3    | Cast into level 2 of the Abyss (a deep elf sorcerer)
 54542 | Abyss:2  | Gained mutation: You tend to lose your temper in combat. [a neqoxec]
 54633 | Elf:3    | Escaped the Abyss
 54999 | Elf:3    | Received a gift from Okawaru
 55936 | Elf:3    | Found the +9 staff of Wucad Mu {channel}
 55974 | Elf:3    | Identified the Disquisition on Flames and Darkness
 55975 | Elf:3    | Identified Ram Yshre's Compendium of Mutagenic Bewitchment
 55993 | Elf:3    | Found the +1 cloak of Starlight {rElec rC+ EV+4 Stlth--}
 56131 | Elf:3    | Got a slimy chain mail
 56194 | Elf:3    | Identified the +6 chain mail of Subjectivity {rC+ SInv} (You found it on level 3 of the Elven Halls)
 56856 | D:15     | Entered Level 15 of the Dungeon
 57389 | D:15     | Found a staircase to the Depths.
 58104 | Depths:1 | Entered Level 1 of the Depths
 58293 | D:15     | Lost mutation: You tend to lose your temper in combat. [potion of mutation]
 58293 | D:15     | Lost mutation: Your magical capacity is low. (-10% MP) [potion of mutation]
 58293 | D:15     | Gained mutation: You are agile. (Dex +2) [potion of mutation]
 58293 | D:15     | Gained mutation: You have sharp toenails. [potion of mutation]
 58431 | Depths:1 | Noticed a golden dragon
 58466 | Depths:1 | Reached XP level 23. HP: 130/190 MP: 38/38
 58771 | Depths:1 | Received a gift from Okawaru
 58956 | Elf:1    | Bought the ring "Weiten" {rN++ EV+3 Str+3} for 851 gold pieces
 59138 | Depths:1 | Upgraded the game from 0.21-a0-633-g4c047d5 to 0.21-a0-634-gaf8bc5d
 59350 | Depths:1 | Reached skill level 12 in Fire Magic
 59439 | Depths:1 | Killed a golden dragon
 59885 | Depths:1 | Found a gateway to Hell.
 59914 | Depths:1 | Got a sapphire hand axe
 59915 | Depths:1 | Identified the +8 hand axe "Ytese" {speed, MP+9 Str+3} (You found it on level 1 of the Depths)
 60444 | Depths:2 | Found a gateway to a ziggurat.
 60692 | Depths:2 | Noticed a caustic shrike
 60693 | Depths:2 | Noticed a caustic shrike
 60706 | Depths:2 | Killed a caustic shrike
 60706 | Depths:2 | Reached skill level 13 in Fire Magic
 60713 | Depths:2 | Noticed a caustic shrike
 60715 | Depths:2 | Killed a caustic shrike
 60715 | Depths:2 | Received a gift from Okawaru
 60724 | Depths:2 | Killed a caustic shrike
 60868 | Depths:2 | Noticed a caustic shrike
 60874 | Depths:2 | Killed a caustic shrike
 61632 | Depths:2 | Noticed a golden dragon
 61644 | Depths:2 | Noticed a caustic shrike
 61645 | Depths:2 | Noticed a caustic shrike
 61645 | Depths:2 | Noticed a caustic shrike
 61646 | Depths:2 | Noticed a caustic shrike
 61646 | Depths:2 | Noticed a caustic shrike
 61648 | Depths:2 | Noticed a caustic shrike
 61649 | Depths:2 | Noticed a caustic shrike
 61649 | Depths:2 | Killed a golden dragon
 61649 | Depths:2 | Reached XP level 24. HP: 144/198 MP: 32/40
 61657 | Depths:2 | Killed a caustic shrike
 61659 | Depths:2 | Killed a caustic shrike
 61659 | Depths:2 | Reached skill level 14 in Fire Magic
 61661 | Depths:2 | Killed a caustic shrike
 61668 | Depths:2 | Killed a caustic shrike
 61669 | Depths:2 | Noticed a caustic shrike
 61671 | Depths:2 | Killed a caustic shrike
 61671 | Depths:2 | Received a gift from Okawaru
 61672 | Depths:2 | Killed a caustic shrike
 61672 | Depths:2 | Killed a caustic shrike
 61680 | Depths:2 | Noticed a caustic shrike
 62223 | Depths:2 | Killed a caustic shrike
 62241 | Depths:2 | Killed a caustic shrike
 62306 | Depths:2 | Paralysed by a floating eye for 2 turns
 62385 | Depths:2 | Identified Jush's Handbook of Evil
 62785 | Depths:3 | Noticed Mennas
 62840 | Depths:2 | Killed Mennas
 62840 | Depths:2 | Reached skill level 15 in Fire Magic
 62918 | Depths:3 | Received a gift from Okawaru
 62925 | Depths:3 | Got a warped scale mail {god gift}
 62938 | Depths:2 | Identified the +5 scale mail of Tesih {rElec rPois rC++} (Okawaru gifted it to you on level 3 of the Depths)
 63242 | Depths:3 | Gained mutation: You are weak. (Str -2) [a neqoxec]
 63270 | Depths:3 | Found a one-way gate leading to the halls of Pandemonium.
 63998 | Depths:3 | Reached skill level 15 in Spellcasting
 64000 | Depths:3 | Noticed the Enchantress
 64007 | Depths:3 | Reached skill level 16 in Fire Magic
 64040 | Depths:3 | Killed the Enchantress
 64040 | Depths:3 | Reached XP level 25. HP: 107/204 MP: 39/42
 64053 | Depths:3 | Got faerie dragon scales
 64054 | Depths:3 | Identified the +5 faerie dragon scales {MR+ rCorr} (You took it off the Enchantress on level 3 of the Depths)
 64314 | Depths:3 | Paralysed by a floating eye for 2 turns
 64964 | Depths:4 | Received a gift from Okawaru
 65063 | Depths:4 | Found a one-way gate to the infinite horrors of the Abyss.
 65370 | Depths:4 | Got a warped copper amulet
 65371 | Depths:4 | Identified the amulet "Duneel" {Spirit *Slow rElec rPois Dex-2} (You took it off a frost giant on level 4 of the Depths)
 65447 | Depths:4 | Reached skill level 17 in Fire Magic
 65687 | Depths:4 | Got a heavily runed glass ring
 65688 | Depths:4 | Identified the ring "Ysapheol" {Int+2 SInv} (You took it off a tengu reaver on level 4 of the Depths)
 66128 | Depths:5 | Entered Level 5 of the Depths
 66148 | Depths:5 | Received a gift from Okawaru
 66346 | Depths:5 | Found a gate to the Realm of Zot.
 67454 | Slime:1  | Entered Level 1 of the Pits of Slime
 67501 | Slime:2  | Received a gift from Okawaru
 67503 | Slime:2  | Gained mutation: You are somewhat resistant to further mutation. [a shining eye]
 67548 | Slime:2  | Reached skill level 18 in Fire Magic
 67620 | Slime:4  | Received a gift from Okawaru
 67630 | Slime:4  | Gained mutation: You occasionally shout uncontrollably at your foes. [a shining eye]
 67715 | Slime:5  | Entered Level 5 of the Pits of Slime
 67786 | Slime:5  | Lost mutation: You are agile. (Dex +2) [a shining eye]
 67793 | Slime:5  | Gained mutation: You are very weak. (Str -4) [a shining eye]
 67795 | Slime:5  | Gained mutation: Armour fits poorly on your strangely shaped body. [a shining eye]
 67919 | Slime:5  | Paralysed by a floating eye for 3 turns
 67927 | Slime:5  | Reached XP level 26. HP: 179/211 MP: 44/44
 68093 | Slime:5  | Noticed the Royal Jelly
 68679 | Slime:5  | Killed the Royal Jelly
 69396 | Slime:5  | Gained mutation: You have a pair of small horns on your head. [a shining eye]
 69601 | Slime:5  | Identified Sif Muna's Tome of the Unseen Realm
 69607 | Slime:5  | Got a slimy rune of Zot
 69614 | Slime:5  | Identified Sasmab's Volume of Fiery Beguiling
 69683 | Slime:5  | Lost mutation: You occasionally shout uncontrollably at your foes. [potion of mutation]
 69683 | Slime:5  | Lost mutation: You have a pair of small horns on your head. [potion of mutation]
 69683 | Slime:5  | Lost mutation: You have sharp toenails. [potion of mutation]
 69683 | Slime:5  | Lost mutation: Armour fits poorly on your strangely shaped body. [potion of mutation]
 69683 | Slime:5  | Gained mutation: You possess an exceptional clarity of mind. [potion of mutation]
 70770 | Vaults:1 | Bought a book of the Tempests for 1260 gold pieces
 70780 | Vaults:1 | Learned a level 8 spell: Ignition
 70790 | Vaults:1 | Learned a level 9 spell: Tornado
 71159 | Temple   | Fell from the grace of Okawaru
 71159 | Temple   | Became a worshipper of Makhleb the Destroyer
 71567 | Vaults:5 | Entered Level 5 of the Vaults
 71568 | Vaults:5 | Reached skill level 19 in Fire Magic
 71569 | Vaults:5 | Reached * piety under Makhleb
 71833 | Vaults:5 | Reached ** piety under Makhleb
 71863 | Vaults:5 | Reached skill level 20 in Fire Magic
 71989 | Vaults:5 | Got a silver rune of Zot
 71999 | Vaults:5 | Got a sparkling copper ring
 72239 | Vaults:5 | Identified the ring "Cedar" {rElec MR+ Str+2 Dex-5 SInv} (You found it on level 5 of the Vaults)
 72281 | Vaults:5 | Got a scintillating golden ring
 72431 | Vaults:5 | Reached *** piety under Makhleb
 72499 | Vaults:5 | Reached XP level 27. HP: 218/218 MP: 46/46
 73550 | Vaults:5 | Reached skill level 21 in Fire Magic
 73619 | Vaults:5 | Reached **** piety under Makhleb
 73707 | Vaults:5 | Found Mecvuz's Jewellery Shoppe.
 74012 | Vaults:5 | Got a pitted wooden ring
 74014 | Vaults:5 | Identified the ring "Kistor" {Fire Str+5} (You took it off a deep elf annihilator on level 5 of the Vaults)
 74765 | Depths:2 | Identified the ring "Ruefigh" {rCorr Dex+7 Slay-6} (You took it off a fire giant on level 5 of the Vaults)
 74789 | Zig:1    | Entered Level 1 of a ziggurat
 74789 | Zig:1    | Noticed Igipodenea the pandemonium lord
 74810 | Zig:1    | Killed Igipodenea the pandemonium lord
 74982 | Zig:1    | Was forgiven by Okawaru
 75070 | Zig:2    | Entered Level 2 of a ziggurat
 75282 | Zig:3    | Entered Level 3 of a ziggurat
 75308 | Zig:4    | Entered Level 4 of a ziggurat
 75345 | Zig:5    | Entered Level 5 of a ziggurat
 75345 | Zig:5    | Noticed Midussowna the pandemonium lord
 75376 | Zig:5    | Killed Midussowna the pandemonium lord
 75388 | Zig:5    | Identified the Disquisition on Gliding Talismans
 75447 | Zig:6    | Entered Level 6 of a ziggurat
 75450 | Zig:6    | Noticed Rigaf the pandemonium lord
 75452 | Zig:6    | Killed Rigaf the pandemonium lord
 75806 | Zig:7    | Entered Level 7 of a ziggurat
 75836 | Zig:7    | Identified the Almanac of Augmentations and Flight
 75844 | Zig:7    | Got a pair of blackened gloves
 75846 | Zig:7    | Got a pitted granite ring
 75971 | Zig:7    | Identified the cursed ring "Zeistuss" {*Slow rF+++ MR++ EV-2 Str-5} (You found it on level 7 of a ziggurat)
 75973 | Zig:7    | Identified the +1 pair of gloves of the Bulwark {rC+ Str+2} (You found it on level 7 of a ziggurat)
 75995 | Zig:8    | Entered Level 8 of a ziggurat
 75999 | Zig:8    | Noticed Ityppaj the pandemonium lord
 76005 | Zig:8    | Killed Ityppaj the pandemonium lord
 76025 | Zig:8    | Got a transparent turquoise ring
 76443 | Zig:8    | Identified the ring of the Last Friends {Wiz SInv} (You found it on level 8 of a ziggurat)
 76446 | Zig:9    | Entered Level 9 of a ziggurat
 76450 | Zig:9    | Noticed Tiemnirr the pandemonium lord
 76452 | Zig:9    | Killed Tiemnirr the pandemonium lord
 76456 | Zig:9    | Reached ***** piety under Makhleb
 76488 | Zig:9    | Got a pair of heavily runed boots
 76509 | Zig:9    | Identified the +2 pair of boots of the Wumpus {rC+} (You found it on level 9 of a ziggurat)
 76678 | Zig:10   | Entered Level 10 of a ziggurat
 76683 | Zig:10   | Reached skill level 22 in Fire Magic
 76758 | Zig:11   | Entered Level 11 of a ziggurat
 76786 | Zig:11   | Got a smelly plate armour
 76801 | Zig:11   | Got a scorched crystal plate armour
 76816 | Zig:11   | Identified the +2 plate armour of Impermeability {+Inv Dex+5} (You found it on level 11 of a ziggurat)
 76826 | Zig:11   | Identified the +2 crystal plate armour "Jaon" {Int+6 Dex-3 Slay+6} (You found it on level 11 of a ziggurat)
 76843 | Zig:12   | Entered Level 12 of a ziggurat
 76851 | Zig:12   | Noticed an ancient lich
 76855 | Zig:12   | Killed an ancient lich
 76877 | Zig:12   | Got a shimmering gossamer ring
 76886 | Zig:12   | Got a pair of encrusted boots
 76910 | Zig:12   | Identified the +2 pair of boots of Gluttony {-Cast rC+++ Str+7 Int+2} (You found it on level 12 of a ziggurat)
 76923 | Zig:12   | Got an ancient chain mail
 76934 | Zig:12   | Identified the +1 chain mail "Zuutoiwk" {MR+ Regen+ Stlth+} (You found it on level 12 of a ziggurat)
 76955 | Zig:12   | Identified the ring of Lozae {rF+ rN+} (You found it on level 12 of a ziggurat)
 76981 | Zig:13   | Entered Level 13 of a ziggurat
 76986 | Zig:13   | Noticed Nenyneh the pandemonium lord
 76991 | Zig:13   | Killed Nenyneh the pandemonium lord
 77162 | Zig:14   | Entered Level 14 of a ziggurat
 77162 | Zig:14   | Noticed schizoid's ghost (legendary BaSk)
 77166 | Zig:14   | Noticed RapturedWeasel's ghost (master GnWz)
 77172 | Zig:14   | Found the +9 heavy crossbow "Sniper" {velocity, Acc+∞ SInv}
 77172 | Zig:14   | Reached ****** piety under Makhleb
 77174 | Zig:14   | Reached skill level 23 in Fire Magic
 77301 | Zig:14   | Killed RapturedWeasel's ghost
 77436 | Zig:14   | Killed schizoid's ghost
 77485 | Zig:14   | Got a flickering brass ring
 77486 | Zig:14   | Identified the ring "Gyuhaeh" {-Tele rElec rPois rC- Str+4} (You found it on level 14 of a ziggurat)
 77489 | Zig:14   | Got a clouded ivory ring
 77490 | Zig:14   | Identified the ring of Cilloce {rPois rF+ SInv Stlth+} (You found it on level 14 of a ziggurat)
 77493 | Zig:14   | Got a steaming bronze ring
 77494 | Zig:14   | Identified the ring "Ebbiucih" {*Tele rPois rN+ Int+3 Dex+2 Slay+3} (You found it on level 14 of a ziggurat)
 77536 | Zig:15   | Entered Level 15 of a ziggurat
 77541 | Zig:15   | Noticed Ygioci the pandemonium lord
 77542 | Zig:15   | Noticed Xeeh Jui the pandemonium lord
 77543 | Zig:15   | Noticed Medafiall the pandemonium lord
 77543 | Zig:15   | Noticed Niseovef the pandemonium lord
 77545 | Zig:15   | Noticed Utum the pandemonium lord
 77546 | Zig:15   | Killed Niseovef the pandemonium lord
 77573 | Zig:15   | Got an ancient amethyst amulet
 77576 | Zig:16   | Entered Level 16 of a ziggurat
 77680 | Zig:16   | Got a heavily runed wooden ring
 77681 | Zig:16   | Identified the ring of Xamaoh {rC+ Stlth-} (You found it on level 16 of a ziggurat)
 77683 | Zig:16   | Identified the amulet of Aqompag {Inacc Int+2} (You found it on level 15 of a ziggurat)
 77721 | Zig:17   | Entered Level 17 of a ziggurat
 77732 | Zig:17   | Reached skill level 24 in Fire Magic
 77744 | Zig:17   | Found the +3 warlock's mirror {reflect}
 77964 | Zig:18   | Entered Level 18 of a ziggurat
 77971 | Zig:18   | Noticed a juggernaut
 77973 | Zig:18   | Noticed a juggernaut
 77974 | Zig:18   | Noticed a juggernaut
 77974 | Zig:18   | Noticed a juggernaut
 77974 | Zig:18   | Noticed a juggernaut
 77974 | Zig:18   | Noticed a juggernaut
 77975 | Zig:18   | Found the +2 shield of Resistance {rF+ rC+ MR+}
 77977 | Zig:18   | Killed a juggernaut
 77978 | Zig:18   | Noticed a juggernaut
 77978 | Zig:18   | Killed a juggernaut
 77978 | Zig:18   | Killed a juggernaut
 77978 | Zig:18   | Killed a juggernaut
 77982 | Zig:18   | Killed a juggernaut
 77985 | Zig:18   | Killed a juggernaut
 78006 | Zig:18   | Killed a juggernaut
 78060 | Zig:18   | Reached skill level 25 in Fire Magic
 78064 | Zig:18   | Got a fine crystal amulet
 78089 | Zig:18   | Identified the amulet "Coybeqa" {Faith Str+2 Dex+4} (You found it on level 18 of a ziggurat)
 78099 | Zig:19   | Entered Level 19 of a ziggurat
 78111 | Zig:19   | Reached skill level 5 in Air Magic
 78173 | Zig:19   | Learned a level 1 spell: Freeze
 78192 | Zig:19   | Got a pair of bloodstained gloves
 78223 | Zig:19   | Identified the +0 pair of gloves of Recklessness {-Cast MP+9 Int+9} (You found it on level 19 of a ziggurat)
 78242 | Zig:20   | Entered Level 20 of a ziggurat
 78252 | Zig:20   | Noticed Acaw the pandemonium lord
 78253 | Zig:20   | Reached skill level 1 in Ice Magic
 78253 | Zig:20   | Reached skill level 1 in Conjurations
 78254 | Zig:20   | Killed Acaw the pandemonium lord
 78262 | Zig:20   | Found the +10 dark maul {crush}
 78262 | Zig:20   | Got a distressingly furry chain mail
 78266 | Zig:21   | Entered Level 21 of a ziggurat
 78278 | Zig:21   | HP: 6/218 [caustic shrike (12)]
 78278 | Zig:21   | Splashed by a caustic shrike's acid

Vault maps used:
D:1:      lemuel_arrival_broad_hall
D:2:      elyvilon_altar_5, lemuel_round_altar, first_ration
D:3:      lemuel_round_altar, old_standard_altar,
          nicolae_dithmenos_through_a_glass_darkly
D:4:      gammafunk_steamed_eel, fiery_altar_vehumet,
          minmay_temple_entry_butterflies, minmay_crystal_water, minivault_5
D:5:      serial_shops, kennysheep_mini_moat
D:6:      uniq_prince_ribbit1
D:7:      kennysheep_little_box, cheibriados_altar_1
D:8:      grunt_gozag_breadcrumbs, fedhas_altar_3, erik_lair_orcish_takeover,
          nicolae_ossuary_entry_plus
D:9:      serial_shops, nicolae_shop_window_shopping, grunt_ogre_cave,
          minmay_holes, minivault_25
D:10:     serial_shops, shop, basic_altar
D:11:     serial_shops, shop
D:12:     zombieorc1_lemuel
D:13:     basic_altar, serial_shops, shop_coins, shop, shop, shop, shop
D:14:     david_vaults_5, kennysheep_cross_room, uniq_roxanne, uniq_azrael
D:15:     hangedman_depths_entry_try_elsewhere_first, roderic_lattice_a
Temple:   nicolae_temple_figure_eight
Lair:1:   nicolae_volcano_entry_lava_flow, serial_bayou_lake_a
Lair:2:   nicolae_swamp_entry_splash_gauntlet, minivault_26,
          beast_lair_carwin_7, lemuel_fruit_fields
Lair:3:   serial_bayou_shore_a
Lair:4:   spider_nest_entry_webs, ice2_lemuel
Lair:6:   gammafunk_lair_ancient_temple, slime_altar_1, dpeg_oklob_1
Swamp:1:  evilmike_swamp_ruin_rubble_1, swamp_pool1, grunt_witch_cave
Swamp:2:  evilmike_swamp_ruin_house_1
Swamp:3:  hangedman_swamp_lotus, swamp_pool3
Swamp:4:  swamp, uniq_nikola, uniq_mara
Spider:1: spider_trap, uniq_josephine
Spider:2: guppyfry_spider_mini_2
Spider:3: uniq_agnes
Spider:4: guppyfry_spider_rune
Slime:1:  cheibrodos_slime_lost_civilization_9
Slime:2:  nicolae_slime_phagocytosis
Orc:2:    grunt_orc_community_town_hall, grunt_orc_community_big_house_1,
          grunt_orc_community_big_house_2, grunt_orc_community_house_2,
          grunt_orc_community_house_3, grunt_orc_community_house_1,
          grunt_orc_community_house_1, grunt_orc_community_house_3,
          grunt_orc_community_house_2
Elf:1:    minmay_elf_arrival_summoners, serial_shops, nicolae_shop_stone, shop,
          shop_fountains, shop, shop, portal_desolation_entry_holy_temple,
          kennysheep_underground_church, minivault_25_ag, grunt_megastairs_3
Elf:3:    minmay_elf_hall_hex, portal_ice_cave_entry_pillars_three,
          serial_shops, nicolae_shop_waterfront, nicolae_shop_stone,
          nicolae_shop_stone
Vaults:1: hangedman_vaults_nodes, nicolae_vaults_triangles, v_misc_29,
          ontoclasm_vaults_fault, v_alt_pattern_2, grunt_vaults_hallway_short,
          vaults_room_grid, vaults_dpeg_hooks, vaults_room_door_ring,
          ontoclasm_vaults_loading_screen, serial_shops,
          nicolae_shop_temple_entry_statues_fountains
Vaults:2: dpeg_vaults_waves, hangedman_vaults_capsules, v_misc_8, v_rooms_3,
          vaults_dpeg_ring, nicolae_vaults_twisting_passages,
          grunt_vaults_funnel, nicolae_vaults_theta, ontoclasm_vaults_spin,
          nicolae_vaults_network_barrier, vaults_dpeg_encased_lava,
          serial_shops, nicolae_shop_behind_doors
Vaults:3: minmay_crypt_entry_simple_statues, nicolae_vaults_hallways_thing,
          hangedman_vaults_impose, v_alt_pattern_6, vaults_standard_mumra_lines,
          vaults_mumra_chevron, v_pattern_2, vaults_dpeg_diagonal,
          nicolae_vaults_sealed_display, nicolae_vaults_mini_display_case,
          uniq_margery, uniq_jorgrun
Vaults:4: v_misc_24, nicolae_vaults_fighting_squares,
          vaults_mumra_minichess_inversion, vaults_room_grid, v_pattern_1,
          ontoclasm_vaults_bender, grunt_vaults_trifunnel, v_alt_pattern_2,
          ontoclasm_vaults_eye, v_rooms_5, nicolae_vaults_little_squares_6,
          nicolae_vaults_diagonal_hallway_7
Vaults:5: serial_shops
Depths:1: minmay_crescents, lightli_too_deep, minmay_misc_feat_chi,
          minmay_metal_thing
Depths:2: grunt_runaround, hell_entry
Depths:3: minmay_the_grid_plus_closed, hell_entry, grunt_pan_entry_sceptre,
          kennysheep_decorative_pillar, infiniplex_staircase_trident,
          uniq_enchantress, uniq_mennas
Depths:4: kennysheep_cluttered_fort, abyss_entry, minmay_misc_feat_plants,
          pf_coc_iceberg
Depths:5: grunt_zot_entry_tricorne, hell_entry, minmay_misc_feat_hallway,
          spider_trap
Abyss:2:  evilmike_abyss_exit_10
Abyss:3:  grunt_abyss_rune_forest_and_sorcery, hangedman_decor_lopped
Zig:10:   ziggurat_pillar_centre_oklobs
Zig:12:   ziggurat_pillar_centre_dead_trees
Zig:13:   ziggurat_pillar_centre_c
Zig:21:   ziggurat_pillar_centre_drop
IceCv:    ice_cave_small_demon
Volcano:  volcano_pools

Skill      XL: |  1  2  3  4  5  6  7  8  9 10 11 12 13 14 15 16 17 18 19 20 21 22 23 24 25 26 27 |
---------------+----------------------------------------------------------------------------------+-----
Armour         | 2 3 4 5 7 8 9 11 12 13 14 15 16 17 18 22 | 22.1
Fighting       | 3 4 5 6 7 8 9 11 12 14 15 16 17 18 | 18.2
Axes           | 3 4 5 6 7 9 10 11 13 14 15 17 18 | 18.2
Dodging        | 3 4 5 6 7 9 10 11 13 14 15 16 17 18 19 | 19.3
Invocations    | 2 3 5 6 8 9 |  9.6
Shields        | 11 13 14 15 16 17 18 | 18.2
Fire Magic     | 3 5 7 8 9 10 11 13 16 18 20 25 | 25.3
Spellcasting   | 4 5 7 8 9 10 11 13 15 17 19 24 | 24.2
Air Magic      | 8 |  8.1
Ice Magic      | 4 |  4.0
Conjurations   | 3 |  3.6
Charms         | |  3.2

Action                   |  1- 3 |  4- 6 |  7- 9 | 10-12 | 13-15 | 16-18 | 19-21 | 22-24 | 25-27 || total
-------------------------+-------+-------+-------+-------+-------+-------+-------+-------+-------++-------
Melee: Hand axe          |   124 |       |       |       |  1125 |   784 |       |       |       ||  2033
       War axe           |    14 |   184 |   354 |   320 |       |       |       |       |       ||   872
       Punch             |       |       |       |     4 |     5 |       |       |       |       ||     9
       Great mace        |       |       |       |   409 |   419 |       |       |       |       ||   828
       Dagger            |       |       |       |     3 |       |       |       |       |       ||     3
       Scimitar          |       |       |       |       |    40 |    79 |       |       |       ||   119
       Broad axe         |       |       |       |       |       |   601 |  1258 |  1358 |  1585 ||  4802
       Trishula          |       |       |       |       |       |       |       |    22 |    55 ||    77
       Headbutt          |       |       |       |       |       |       |       |       |     3 ||     3
Throw: Tomahawk          |       |     2 |    10 |    17 |       |       |       |       |       ||    29
 Cast: Infusion          |     7 |    10 |     9 |       |       |       |       |       |       ||    26
       Ignition          |       |       |       |       |       |       |       |       |    91 ||    91
Invok: Heroism           |       |       |     7 |    27 |    47 |    35 |    50 |    44 |    19 ||   229
       Finesse           |       |       |       |       |     3 |     1 |     3 |     4 |     2 ||    13
       Lesser Servant of |       |       |       |       |       |       |       |       |     9 ||     9
       Greater Servant o |       |       |       |       |       |       |       |       |     2 ||     2
 Abil: Hop               |     1 |     1 |     2 |     9 |    12 |     4 |     6 |     8 |    18 ||    61
Evoke: Wand              |       |       |       |    14 |     4 |       |     4 |     3 |       ||    25
  Use: Scroll            |       |     5 |       |    11 |    20 |     8 |    11 |     9 |    33 ||    97
       Potion            |       |       |     3 |     6 |     1 |     5 |     2 |     5 |    30 ||    52
 Stab: Paralysed         |       |       |       |     7 |       |       |       |       |       ||     7
       Confused          |       |       |       |       |       |     1 |       |       |       ||     1
       Distracted        |       |       |       |       |       |     1 |       |     1 |     3 ||     5
       Sleeping          |       |       |       |       |       |       |     2 |       |       ||     2
  Eat: Chunk             |     3 |     4 |     7 |    24 |    37 |    20 |    31 |    20 |    17 ||   163
       Ration            |       |     2 |     2 |     4 |     4 |     5 |     2 |     5 |    19 ||    43
Armor: Leather armour    |    24 |       |       |       |       |       |       |       |       ||    24
       Ring mail         |    25 |    88 |    75 |       |       |       |    65 |     6 |       ||   259
       Scale mail        |       |       |    64 |       |       |       |       |       |   131 ||   195
       Chain mail        |       |       |    74 |   607 |   616 |    26 |   105 |       |    85 ||  1513
       Skin              |       |       |       |    27 |       |       |       |       |       ||    27
       Plate armour      |       |       |       |       |   301 |   801 |    61 |    84 |       ||  1247
       Gold dragon scale |       |       |       |       |       |       |       |   196 |    78 ||   274
       Acid dragon scale |       |       |       |       |       |       |       |       |    59 ||    59
Dodge: Dodged            |    97 |   166 |   283 |   496 |   796 |   462 |   339 |   553 |   805 ||  3997
Block: Large shield      |       |       |       |       |   425 |  2094 |  1233 |  1589 |  1914 ||  7255
       Reflection        |       |       |       |       |     1 |    22 |   171 |   101 |   119 ||   414
       Rpst.: Scimitar   |       |       |       |       |     2 |     5 |       |       |       ||     7

Table legend:
 A = Spawn XP
 B = Non-spawn XP
 C = Spawn XP percentage of total XP
 D = Spawn monster count
 E = Non-spawn monster count
 F = Spawn count percentage of total count
 G = Total turns spent on level
                    A         B        C        D         E        F      G
               +---------+---------+-------+---------+---------+-------+---------
         Total |    3238 | 1793506 |   0.2 |       8 |    2665 |   0.3 | 78278
               +---------+---------+-------+---------+---------+-------+---------
           D:1 |       0 |      52 |   0.0 |       0 |      32 |   0.0 |  1302
           D:2 |       0 |      45 |   0.0 |       0 |      14 |   0.0 |   667
           D:3 |       0 |      32 |   0.0 |       0 |      14 |   0.0 |   458
           D:4 |       0 |     165 |   0.0 |       0 |      12 |   0.0 |  1173
           D:5 |       0 |     765 |   0.0 |       0 |      31 |   0.0 |  2592
           D:6 |       0 |    1147 |   0.0 |       0 |      21 |   0.0 |  1264
           D:7 |       0 |    1313 |   0.0 |       0 |      28 |   0.0 |  1163
           D:8 |       0 |    2266 |   0.0 |       0 |      27 |   0.0 |  1060
           D:9 |       0 |    3712 |   0.0 |       0 |      30 |   0.0 |  1939
          D:10 |       0 |    1988 |   0.0 |       0 |      23 |   0.0 |  1263
          D:11 |       0 |    6075 |   0.0 |       0 |      68 |   0.0 |  1099
          D:12 |       0 |    2436 |   0.0 |       0 |      44 |   0.0 |  1137
          D:13 |       0 |    4926 |   0.0 |       0 |      31 |   0.0 |   910
          D:14 |       0 |   12849 |   0.0 |       0 |      52 |   0.0 |  1878
          D:15 |       0 |   21182 |   0.0 |       0 |      42 |   0.0 |  1752
        Lair:1 |       0 |    2262 |   0.0 |       0 |      11 |   0.0 |  1495
        Lair:2 |       0 |    4804 |   0.0 |       0 |      35 |   0.0 |  2318
        Lair:3 |       0 |    3526 |   0.0 |       0 |      19 |   0.0 |  1158
        Lair:4 |       0 |   11352 |   0.0 |       0 |      45 |   0.0 |  3608
        Lair:5 |       0 |   15477 |   0.0 |       0 |      47 |   0.0 |  2908
        Lair:6 |       0 |   22135 |   0.0 |       0 |      52 |   0.0 |  1714
       Swamp:1 |       0 |   12898 |   0.0 |       0 |      36 |   0.0 |   831
       Swamp:2 |       0 |   17981 |   0.0 |       0 |      41 |   0.0 |   941
       Swamp:3 |       0 |   21068 |   0.0 |       0 |      36 |   0.0 |  1559
       Swamp:4 |       0 |   21241 |   0.0 |       0 |      28 |   0.0 |   869
      Spider:1 |       0 |   19415 |   0.0 |       0 |      55 |   0.0 |  1192
      Spider:2 |       0 |   18427 |   0.0 |       0 |      47 |   0.0 |  1096
      Spider:3 |       0 |   17267 |   0.0 |       0 |      31 |   0.0 |  1745
      Spider:4 |       0 |   30849 |   0.0 |       0 |      51 |   0.0 |  1278
       Slime:1 |       0 |    2495 |   0.0 |       0 |       1 |   0.0 |    38
       Slime:2 |       0 |    4024 |   0.0 |       0 |       6 |   0.0 |    76
       Slime:3 |       0 |    5781 |   0.0 |       0 |      13 |   0.0 |    85
       Slime:4 |       0 |   17445 |   0.0 |       0 |      24 |   0.0 |  1211
       Slime:5 |       0 |   35850 |   0.0 |       0 |      29 |   0.0 |   937
         Orc:1 |       0 |    8296 |   0.0 |       0 |      48 |   0.0 |   889
         Orc:2 |       0 |   10282 |   0.0 |       0 |      85 |   0.0 |  2826
         Elf:1 |       0 |   31662 |   0.0 |       0 |      46 |   0.0 |  1334
         Elf:2 |       0 |   38149 |   0.0 |       0 |      48 |   0.0 |  1549
         Elf:3 |       0 |   89325 |   0.0 |       0 |      86 |   0.0 |  3272
      Vaults:1 |       0 |   50590 |   0.0 |       0 |      85 |   0.0 |  2013
      Vaults:2 |       0 |   59511 |   0.0 |       0 |      92 |   0.0 |  2244
      Vaults:3 |       0 |   53159 |   0.0 |       0 |      88 |   0.0 |  1803
      Vaults:4 |       0 |   67462 |   0.0 |       0 |      99 |   0.0 |  1674
      Vaults:5 |       0 |  170749 |   0.0 |       0 |     158 |   0.0 |  2567
      Depths:1 |       0 |   67916 |   0.0 |       0 |      70 |   0.0 |  1383
      Depths:2 |       0 |  157314 |   0.0 |       0 |     122 |   0.0 |  2868
      Depths:3 |       0 |   74680 |   0.0 |       0 |      83 |   0.0 |  1829
      Depths:4 |       0 |   36305 |   0.0 |       0 |      38 |   0.0 |  1413
      Depths:5 |       0 |   38466 |   0.0 |       0 |      30 |   0.0 |   770
       Abyss:2 |    3238 |     294 |  91.7 |       8 |       2 |  80.0 |   183
         Zig:1 |       0 |    2222 |   0.0 |       0 |       2 |   0.0 |   281
         Zig:2 |       0 |     785 |   0.0 |       0 |       3 |   0.0 |   212
         Zig:3 |       0 |    4053 |   0.0 |       0 |       4 |   0.0 |    26
         Zig:4 |       0 |    3708 |   0.0 |       0 |       6 |   0.0 |    37
         Zig:5 |       0 |    9477 |   0.0 |       0 |       5 |   0.0 |   102
         Zig:6 |       0 |   13533 |   0.0 |       0 |       7 |   0.0 |   359
         Zig:7 |       0 |   11877 |   0.0 |       0 |       7 |   0.0 |   189
         Zig:8 |       0 |   19837 |   0.0 |       0 |      11 |   0.0 |   451
         Zig:9 |       0 |   20593 |   0.0 |       0 |      12 |   0.0 |   232
        Zig:10 |       0 |   14662 |   0.0 |       0 |      26 |   0.0 |    80
        Zig:11 |       0 |   14418 |   0.0 |       0 |      25 |   0.0 |    85
        Zig:12 |       0 |   27937 |   0.0 |       0 |      19 |   0.0 |   138
        Zig:13 |       0 |   47633 |   0.0 |       0 |      18 |   0.0 |   181
        Zig:14 |       0 |   40632 |   0.0 |       0 |      26 |   0.0 |   374
        Zig:15 |       0 |   33234 |   0.0 |       0 |      23 |   0.0 |    40
        Zig:16 |       0 |   24519 |   0.0 |       0 |      40 |   0.0 |   145
        Zig:17 |       0 |   36434 |   0.0 |       0 |      33 |   0.0 |   243
        Zig:18 |       0 |   71036 |   0.0 |       0 |      51 |   0.0 |   135
        Zig:19 |       0 |   50763 |   0.0 |       0 |      35 |   0.0 |   143
        Zig:20 |       0 |   38047 |   0.0 |       0 |      28 |   0.0 |    24
         IceCv |       0 |    9893 |   0.0 |       0 |      27 |   0.0 |   952
       Volcano |       0 |     803 |   0.0 |       0 |       1 |   0.0 |   115
               +---------+---------+-------+---------+---------+-------+---------
